[Event "3. Open Bohumin 2020"]
[Site "Bohumin"]
[Date "2020.07.19"]
[Round "2.16"]
[White "Maroszczyk, Wieslaw"]
[Black "Weinzettl, Ernst"]
[Result "0-1"]
[ECO "E73"]
[WhiteElo "1867"]
[BlackElo "2166"]
[Annotator "RC"]
[PlyCount "74"]
[EventDate "2020.07.18"]
[EventType "swiss"]
[EventCountry "CZE"]
[SourceTitle "playchess.com"]
[Source "ChessBase"]
[SourceQuality "1"]
[TimeControl "40/5400+30:900+30"]

1. d4 Nf6 2. c4 g6 3. Nc3 Bg7 4. e4 d6 5. Be2 Nbd7 6. Bg5 h6 7. Be3 e5 8. d5 Nc5 9. f3 a5 10. g4 h5 11. g5 Nh7 12. h4 O-O 13. Qd2 f6 14. Nh3 Bxh3 15. Rxh3 fxg5 16. hxg5 Rf4 17. Bxf4 exf4 18. O-O-O Qxg5 19. Rhh1 Qf6 20. Rdg1 Nf8 21. Bd1 a4 22. a3 Nfd7 23. Bc2 Ne5 24. Qe2 Ra5 25. Rh2 Nb3+ 26. Bxb3 axb3 27. Rhg2 Rc5 28. Kb1 Kh7 29. Qd1 b6 30. Qf1 Nxc4 31. Na4 Nxa3+ 32. Ka1 Ra5 33. e5 Qxe5 34. Qd3 Nc2+ 35. Kb1 Rxa4 36. Qxb3 Ra1+ 37. Kxc2 Rxg1 0-1

[Event "3. Open Bohumin 2020"]
[Site "Bohumin"]
[Date "2020.07.21"]
[Round "4.2"]
[White "Pulpan, Jakub"]
[Black "Michenka, Jozef"]
[Result "1-0"]
[ECO "C09"]
[WhiteElo "2407"]
[BlackElo "2299"]
[Annotator "ChessBase"]
[PlyCount "53"]
[EventDate "2020.07.18"]
[EventType "swiss"]
[EventCountry "CZE"]
[SourceTitle "playchess.com"]
[Source "ChessBase"]
[SourceQuality "1"]
[TimeControl "40/5400+30:900+30"]

1. e4 e6 2. d4 d5 3. Nd2 c5 4. Ngf3 Nc6 5. exd5 exd5 6. Bb5 Bd6 7. dxc5 Bxc5 8. O-O Nge7 9. Nb3 Bd6 10. Nbd4 O-O 11. c3 Bg4 12. Be2 a6 13. Bg5 Qc7 14. h3 Bh5 15. Qd2 Rfe8 16. Rfe1 f6 17. Ne6 Qd7 18. Nxg7 Kxg7 19. Bxf6+ Kxf6 20. Qg5+ Kf7 21. Qxh5+ Kg8 22. Bd3 Ng6 23. Bxg6 hxg6 24. Qxg6+ Kh8 25. Ng5 Rf8 26. Qh6+ Kg8 27. Re6 1-0

[Event "3. Open Bohumin 2020"]
[Site "Bohumin"]
[Date "2020.07.21"]
[Round "4.4"]
[White "Nytra, Ondrej"]
[Black "Molenda, Marcin"]
[Result "0-1"]
[ECO "B43"]
[WhiteElo "2112"]
[BlackElo "2363"]
[Annotator "ChessBase"]
[PlyCount "46"]
[EventDate "2020.07.18"]
[EventType "swiss"]
[EventCountry "CZE"]
[SourceTitle "playchess.com"]
[Source "ChessBase"]
[SourceQuality "1"]
[TimeControl "40/5400+30:900+30"]

1. e4 c5 2. Nf3 e6 3. d4 cxd4 4. Nxd4 a6 5. Nc3 b5 6. a3 Bb7 7. Be2 Qc7 8. O-O Nf6 9. Bf3 d6 10. Bg5 Nbd7 11. Re1 Be7 12. g3 O-O 13. Qe2 Ne5 14. Bg2 Nc4 15. Ndxb5 axb5 16. Nxb5 Qc5 17. e5 Bxg2 18. exf6 gxf6 19. Bh6 Bh3 20. Bxf8 Rxf8 21. a4 Ne5 22. Reb1 Qd5 23. f4 Qc5+ 0-1

[Event "3. Open Bohumin 2020"]
[Site "Bohumin"]
[Date "2020.07.21"]
[Round "4.5"]
[White "Niedbala, Bartlomiej"]
[Black "Weinzettl, Ernst"]
[Result "1/2-1/2"]
[ECO "E73"]
[WhiteElo "2379"]
[BlackElo "2166"]
[Annotator "ChessBase"]
[PlyCount "65"]
[EventDate "2020.07.18"]
[EventType "swiss"]
[EventCountry "CZE"]
[SourceTitle "playchess.com"]
[Source "ChessBase"]
[SourceQuality "1"]
[TimeControl "40/5400+30:900+30"]

1. d4 Nf6 2. c4 g6 3. Nc3 Bg7 4. e4 d6 5. Be2 O-O 6. Be3 e5 7. d5 Na6 8. g4 Nc5 9. f3 h5 10. g5 Nh7 11. h4 f6 12. gxf6 Bxf6 13. Bf2 Be7 14. Kd2 c6 15. Kc2 cxd5 16. cxd5 Qc7 17. Qe1 Bd7 18. Rc1 b5 19. Kb1 b4 20. Nd1 Rab8 21. Qf1 Qa5 22. Bxc5 dxc5 23. Ne3 Rf4 24. Qg2 Nf8 25. Bc4 Kh7 26. Qg3 Qd8 27. Ng2 Bd6 28. Nh3 Bxh3 29. Rxh3 Nd7 30. Rg1 Qf6 31. Ne3 Nb6 32. Qg2 Rg8 33. Qg3 1/2-1/2

[Event "3. Open Bohumin 2020"]
[Site "Bohumin"]
[Date "2020.07.21"]
[Round "4.6"]
[White "Neumann, Filip"]
[Black "Czerwonski, Aleksander"]
[Result "0-1"]
[ECO "B07"]
[WhiteElo "2042"]
[BlackElo "2362"]
[Annotator "ChessBase"]
[PlyCount "62"]
[EventDate "2020.07.18"]
[EventType "swiss"]
[EventCountry "CZE"]
[SourceTitle "playchess.com"]
[Source "ChessBase"]
[SourceQuality "1"]
[TimeControl "40/5400+30:900+30"]

1. e4 d6 2. d4 Nf6 3. Nc3 g6 4. Bf4 Nc6 5. Qd2 Bg7 6. O-O-O O-O 7. Nf3 Bg4 8. Qe3 Nh5 9. Bh6 Bxf3 10. gxf3 e6 11. Bxg7 Kxg7 12. f4 Qh4 13. Ne2 d5 14. e5 f6 15. Qh3 Qxh3 16. Bxh3 fxe5 17. Bxe6 Nxd4 18. Nxd4 exd4 19. Bxd5 c6 20. Bf3 Rxf4 21. Bxh5 gxh5 22. Rhg1+ Kf6 23. Rg2 Re8 24. Kd2 c5 25. Re1 Rxe1 26. Kxe1 Rg4 27. Rg3 Rxg3 28. hxg3 Kg5 29. Ke2 h4 30. Kf3 h3 31. a4 c4 0-1

[Event "3. Open Bohumin 2020"]
[Site "Bohumin"]
[Date "2020.07.21"]
[Round "4.9"]
[White "Kroliczek, Gabriela"]
[Black "Dobrovolsky, Ladislav"]
[Result "0-1"]
[ECO "B43"]
[WhiteElo "1976"]
[BlackElo "2277"]
[Annotator "ChessBase"]
[PlyCount "56"]
[EventDate "2020.07.18"]
[EventType "swiss"]
[EventCountry "CZE"]
[SourceTitle "playchess.com"]
[Source "ChessBase"]
[SourceQuality "1"]
[TimeControl "40/5400+30:900+30"]

1. e4 c5 2. Nf3 e6 3. d4 cxd4 4. Nxd4 a6 5. Nc3 Qc7 6. Be3 Nf6 7. f3 Bb4 8. Bd2 O-O 9. Bd3 d5 10. Nde2 Nc6 11. f4 dxe4 12. Nxe4 Nxe4 13. Bxe4 Rd8 14. c3 Bc5 15. Qc2 f5 16. Bxc6 Qxc6 17. O-O-O Qxg2 18. Ng3 Bd7 19. Rde1 Qd5 20. Re5 Qc6 21. Rhe1 Bd6 22. R5e2 Rac8 23. h4 Qd5 24. Kb1 Bb5 25. Qc1 Bxe2 26. Nxe2 Bc5 27. Be3 Qd3+ 28. Ka1 Bxe3 0-1

[Event "3. Open Bohumin 2020"]
[Site "Bohumin"]
[Date "2020.07.21"]
[Round "4.10"]
[White "Poysti, Nathanael"]
[Black "Grochol, Kamil"]
[Result "1-0"]
[ECO "D31"]
[WhiteElo "2209"]
[BlackElo "2023"]
[Annotator "ChessBase"]
[PlyCount "87"]
[EventDate "2020.07.18"]
[EventType "swiss"]
[EventCountry "CZE"]
[SourceTitle "playchess.com"]
[Source "ChessBase"]
[SourceQuality "1"]
[TimeControl "40/5400+30:900+30"]

1. c4 e6 2. Nc3 d5 3. d4 a6 4. cxd5 exd5 5. Bf4 Nf6 6. e3 Bd6 7. Bg5 Be6 8. Bd3 Nbd7 9. f4 h6 10. Bh4 g5 11. fxg5 hxg5 12. Bxg5 Rxh2 13. Rxh2 Bxh2 14. Nge2 Bd6 15. Nf4 c6 16. Qf3 Bg4 17. Qf2 Qb6 18. Rc1 O-O-O 19. Bxf6 Nxf6 20. Nfxd5 Nxd5 21. Nxd5 Qa5+ 22. Nc3 Qg5 23. Kd2 Re8 24. Rf1 Kb8 25. Ne4 Qa5+ 26. Kc1 Rxe4 27. Bxe4 Qxa2 28. Qxf7 Be6 29. Qf2 Bc4 30. Rd1 Bb3 31. Bb1 Qa4 32. Rd3 Bb4 33. g4 Bc4 34. Rd1 Bb3 35. Rg1 Qb5 36. g5 Qc4+ 37. Bc2 Ba3 38. bxa3 Qc3 39. Qd2 Qa1+ 40. Bb1 Qxa3+ 41. Qb2 Qb4 42. Bc2 Qc4 43. Qxb3 Qf1+ 44. Rxf1 1-0

[Event "3. Open Bohumin 2020"]
[Site "Bohumin"]
[Date "2020.07.21"]
[Round "4.13"]
[White "Sramek, Vojtech"]
[Black "Adamczyk, Zuzanna"]
[Result "1-0"]
[ECO "B13"]
[WhiteElo "2177"]
[BlackElo "1968"]
[Annotator "ChessBase"]
[PlyCount "67"]
[EventDate "2020.07.18"]
[EventType "swiss"]
[EventCountry "CZE"]
[SourceTitle "playchess.com"]
[Source "ChessBase"]
[SourceQuality "1"]
[TimeControl "40/5400+30:900+30"]

1. e4 c6 2. d4 d5 3. exd5 cxd5 4. c4 Nf6 5. Nc3 Nc6 6. Bg5 dxc4 7. d5 Ne5 8. Qd4 Nd3+ 9. Bxd3 cxd3 10. Qxd3 e6 11. O-O-O Qa5 12. Qb5+ Qxb5 13. Nxb5 Nxd5 14. Nc7+ Kd7 15. Nxa8 Bd6 16. Nf3 b5 17. Nd4 Ba6 18. Nf5 Rxa8 19. Nxd6 Kxd6 20. Kb1 b4 21. Rd4 Bb5 22. Rhd1 a5 23. f3 Ba4 24. Rc1 Bb5 25. Bf4+ e5 26. Bg3 f5 27. Rd2 Bc6 28. Bxe5+ Kxe5 29. Rxc6 Ne3 30. Rc5+ Kf4 31. Rd4+ Kg5 32. g3 g6 33. Re5 Nf1 34. Re2 1-0

[Event "3. Open Bohumin 2020"]
[Site "Bohumin"]
[Date "2020.07.21"]
[Round "4.14"]
[White "Pilch, Roman"]
[Black "Gratze, Michael"]
[Result "1-0"]
[ECO "A05"]
[WhiteElo "2164"]
[BlackElo "1919"]
[Annotator "NA"]
[PlyCount "43"]
[EventDate "2020.07.18"]
[EventType "swiss"]
[EventCountry "CZE"]
[SourceTitle "playchess.com"]
[Source "ChessBase"]
[SourceQuality "1"]
[TimeControl "40/5400+30:900+30"]

1. Nf3 Nf6 2. c4 g6 3. Nc3 Bg7 4. d4 O-O 5. h3 d5 6. e3 c5 7. dxc5 {[%emt 0:03:21] D94: Grünfeld: 4 Nf3 Bg7 5 e3.} Qa5 8. Bd2 Qxc5 9. b4 Qd6 {[%emt 0:03:52] [#]} 10. Qb3 $146 ({Predecessor:} 10. c5 Qd8 11. Bb5 a5 12. a3 axb4 13. axb4 Rxa1 14. Qxa1 Ne4 15. Qa3 Nxd2 16. Nxd2 {½-½ (51) Ferreira Filho,J (1907)-Lima,A (1968) Fortaleza 2018}) 10... Ne4 11. Rd1 a5 12. c5 Qd8 13. Nxd5 Be6 14. Bc4 Nxd2 15. Rxd2 Bxd5 16. Bxd5 ({Don't do} 16. Rxd5 $6 Qc7 $16) 16... Qc8 {[%emt 0:00:22] [#]} 17. Ng5 $1 e6 $2 {[%emt 0:03:35] [#]} (17... axb4 {was worth a try.} 18. Nxf7 (18. Qxb4 Nc6 $14) 18... e6 19. Bxe6 Qxc5) 18. Nxe6 $1 axb4 19. Nxg7 Kxg7 20. Qxb4 Na6 $18 (20... Nc6 21. Qc3+ Kg8) 21. Qb2+ Kg8 22. Bxb7 1-0

[Event "3. Open Bohumin 2020"]
[Site "Bohumin"]
[Date "2020.07.21"]
[Round "4.15"]
[White "Warchol, Kamil"]
[Black "Kubos, Rostislav"]
[Result "1/2-1/2"]
[ECO "B47"]
[WhiteElo "1911"]
[BlackElo "2134"]
[Annotator "ChessBase"]
[PlyCount "68"]
[EventDate "2020.07.18"]
[EventType "swiss"]
[EventCountry "CZE"]
[SourceTitle "playchess.com"]
[Source "ChessBase"]
[SourceQuality "1"]
[TimeControl "40/5400+30:900+30"]

1. e4 c5 2. Nf3 e6 3. d4 cxd4 4. Nxd4 Nc6 5. Nc3 Qc7 6. f4 a6 7. Nb3 d6 8. Bd3 Nf6 9. Qf3 Be7 10. Be3 h5 11. O-O-O b5 12. e5 dxe5 13. fxe5 Nd7 14. Qg3 g5 15. Be4 Bb7 16. Rhf1 h4 17. Qf2 Ncxe5 18. Bxb7 Qxb7 19. Nc5 Nxc5 20. Bxc5 f6 21. Bxe7 Qxe7 22. Ne4 f5 23. Nd6+ Kf8 24. Rfe1 Rd8 25. Qb6 Nf7 26. Nxf5 Rxd1+ 27. Kxd1 Qd8+ 28. Qxd8+ Nxd8 29. Nd4 Ke7 30. Ke2 Rf8 31. Nf3 Rf5 32. Kd2 h3 33. Rg1 g4 34. Nd4 Rf2+ 1/2-1/2

[Event "3. Open Bohumin 2020"]
[Site "Bohumin"]
[Date "2020.07.21"]
[Round "4.16"]
[White "Lys, Josef"]
[Black "Radecki, Adam"]
[Result "0-1"]
[ECO "D11"]
[WhiteElo "2121"]
[BlackElo "1895"]
[Annotator "ChessBase"]
[PlyCount "102"]
[EventDate "2020.07.18"]
[EventType "swiss"]
[EventCountry "CZE"]
[SourceTitle "playchess.com"]
[Source "ChessBase"]
[SourceQuality "1"]
[TimeControl "40/5400+30:900+30"]

1. d4 Nf6 2. Nf3 d5 3. c4 c6 4. e3 g6 5. Nc3 Bg7 6. b3 O-O 7. Bb2 Nbd7 8. Be2 Re8 9. O-O Ne4 10. cxd5 Nxc3 11. Bxc3 cxd5 12. Rc1 Nf6 13. Ne5 Bd7 14. Bb4 a5 15. Bc5 Ne4 16. Nxd7 Qxd7 17. Bb6 Rec8 18. Qd3 Nd6 19. Rxc8+ Qxc8 20. a4 Ra6 21. Bc5 Rc6 22. Qd1 b6 23. Ba3 Qc7 24. Bd3 e6 25. Bb2 Qb8 26. Qe2 Qc7 27. g4 Ne4 28. f3 Nc3 29. Qd2 e5 30. Bxc3 Rxc3 31. Bc4 exd4 32. exd4 Rxc4 33. bxc4 Qxc4 34. Qd1 Bxd4+ 35. Kg2 Be5 36. Rf2 d4 37. Qe2 Qxe2 38. Rxe2 Bd6 39. Rd2 Bc5 40. f4 f5 41. g5 Kf7 42. Rd3 Ke6 43. Rh3 Kd5 44. Kf3 d3 45. Rxh7 Kc4 46. Rd7 b5 47. axb5 a4 48. Rd8 a3 49. h4 a2 50. Ra8 Kb3 51. h5 Ba3 0-1

[Event "3. Open Bohumin 2020"]
[Site "Bohumin"]
[Date "2020.07.21"]
[Round "4.18"]
[White "Czerw, Dawid"]
[Black "Adamczyk, Piotr"]
[Result "1-0"]
[ECO "A52"]
[WhiteElo "2287"]
[BlackElo "1825"]
[Annotator "ChessBase"]
[PlyCount "85"]
[EventDate "2020.07.18"]
[EventType "swiss"]
[EventCountry "CZE"]
[SourceTitle "playchess.com"]
[Source "ChessBase"]
[SourceQuality "1"]
[TimeControl "40/5400+30:900+30"]

1. d4 Nf6 2. c4 e5 3. dxe5 Ng4 4. Bf4 Nc6 5. Nf3 Bb4+ 6. Nbd2 Qe7 7. e3 Ngxe5 8. Nxe5 Nxe5 9. Be2 d6 10. O-O O-O 11. Nb3 Bf5 12. a3 Bc5 13. Nxc5 dxc5 14. Qb3 Be4 15. Qc3 Ng6 16. Bg3 f5 17. Rae1 Qg5 18. f3 Bc6 19. Bxc7 Rae8 20. Bd1 Rf7 21. Bd6 b6 22. Bc2 h5 23. Rf2 Nh4 24. Bd1 Re6 25. Bf4 Qe7 26. Bg3 Ng6 27. Rff1 h4 28. Bf4 Nf8 29. h3 g5 30. Bh2 Ng6 31. b4 Ne5 32. Bc2 Qf6 33. Kh1 Ng6 34. Qxf6 Rfxf6 35. bxc5 bxc5 36. Bg1 Ne5 37. f4 Nf7 38. fxg5 Nxg5 39. Bxf5 Re5 40. Bg4 Rd6 41. Bh2 Rd2 42. Bxe5 Rxg2 43. e4 1-0

[Event "3. Open Bohumin 2020"]
[Site "Bohumin"]
[Date "2020.07.21"]
[Round "4.19"]
[White "Kula, Dominik"]
[Black "Polak, Radim"]
[Result "1-0"]
[ECO "D02"]
[WhiteElo "2250"]
[BlackElo "1796"]
[Annotator "ChessBase"]
[PlyCount "101"]
[EventDate "2020.07.18"]
[EventType "swiss"]
[EventCountry "CZE"]
[SourceTitle "playchess.com"]
[Source "ChessBase"]
[SourceQuality "1"]
[TimeControl "40/5400+30:900+30"]

1. d4 d5 2. Nf3 Nf6 3. Bf4 Bf5 4. e3 e6 5. Nbd2 Be7 6. Ne5 Nbd7 7. g4 Be4 8. f3 Bg6 9. h4 h6 10. Nxg6 fxg6 11. c4 Nxg4 12. fxg4 Bxh4+ 13. Ke2 g5 14. Be5 Nxe5 15. dxe5 O-O 16. Nf3 Rxf3 17. Kxf3 Qf8+ 18. Ke2 Qf2+ 19. Kd3 Qxb2 20. Qc1 Qxe5 21. Bg2 dxc4+ 22. Kxc4 c6 23. Rb1 b5+ 24. Kb3 a5 25. Qc3 a4+ 26. Kb2 a3+ 27. Kb3 Qg3 28. Qxc6 Qxe3+ 29. Qc3 Qf4 30. Kc2 Qf2+ 31. Qd2 Rc8+ 32. Kd1 Qb6 33. Rb3 Qc5 34. Rf1 Qc4 35. Rb4 Qc7 36. Rd4 Bg3 37. Rd7 Qe5 38. Rd8+ Rxd8 39. Qxd8+ Kh7 40. Qd3+ Kg8 41. Qxa3 Qd4+ 42. Kc2 Bf4 43. Qc3 Qa4+ 44. Qb3 Qa6 45. Re1 Qc8+ 46. Kb1 Kf7 47. Qxb5 Qc3 48. Qb7+ Kf8 49. Qa8+ Kf7 50. Qe4 e5 51. Rd1 1-0

[Event "3. Open Bohumin 2020"]
[Site "Bohumin"]
[Date "2020.07.22"]
[Round "5.5"]
[White "Michenka, Jozef"]
[Black "Pilch, Roman"]
[Result "1-0"]
[ECO "A59"]
[WhiteElo "2299"]
[BlackElo "2164"]
[Annotator "ChessBase"]
[PlyCount "46"]
[EventDate "2020.07.18"]
[EventType "swiss"]
[EventCountry "CZE"]
[SourceTitle "playchess.com"]
[Source "ChessBase"]
[SourceQuality "1"]
[TimeControl "40/5400+30:900+30"]

1. d4 Nf6 2. c4 c5 3. d5 b5 4. cxb5 a6 5. bxa6 Bxa6 6. Nc3 g6 7. e4 Bxf1 8. Kxf1 d6 9. Nf3 Bg7 10. g3 O-O 11. Kg2 Nbd7 12. a4 Qb6 13. Qe2 Rfb8 14. Nb5 Ne8 15. Bg5 h6 16. Bxe7 f6 17. Nh4 Kh7 18. Nxg6 Kxg6 19. Qg4+ Kh7 20. Qxd7 Rb7 21. Qe6 Kh8 22. Bxd6 Nxd6 23. Nxd6 Rba7 1-0

[Event "3. Open Bohumin 2020"]
[Site "Bohumin"]
[Date "2020.07.22"]
[Round "5.6"]
[White "Dobrovolsky, Ladislav"]
[Black "Sramek, Vojtech"]
[Result "1/2-1/2"]
[ECO "A04"]
[WhiteElo "2277"]
[BlackElo "2177"]
[Annotator "RC"]
[PlyCount "118"]
[EventDate "2020.07.18"]
[EventType "swiss"]
[EventCountry "CZE"]
[SourceTitle "playchess.com"]
[Source "ChessBase"]
[SourceQuality "1"]
[TimeControl "40/5400+30:900+30"]

1. Nf3 c5 2. c4 Nc6 3. d4 cxd4 4. Nxd4 g6 5. Nc3 Bg7 6. e3 Nf6 7. Be2 O-O 8. O-O d5 9. cxd5 Nxd5 10. Nxd5 Qxd5 11. Bf3 Qc5 12. Nxc6 bxc6 13. Qa4 Rb8 14. Rb1 Rb4 15. Qa3 Rd8 16. Bxc6 a5 17. Bf3 Ba6 18. Re1 Rd3 19. b3 Bc3 20. Bb2 Bxe1 21. Rxe1 Rd2 22. Bd4 Qc7 23. h3 Bd3 24. Rc1 Rc2 25. Rd1 e5 26. Bxe5 Qxe5 27. Rxd3 Qa1+ 28. Rd1 Qxa2 29. Qxa2 Rxa2 30. Rd8+ Kg7 31. Bd5 Ra1+ 32. Kh2 Rd1 33. Rd7 Kh6 34. g4 Rb5 35. e4 f5 36. gxf5 gxf5 37. Ra7 Rd2 38. Kg2 Rd4 39. Kf3 Kg5 40. Rg7+ Kh6 41. Ra7 fxe4+ 42. Bxe4 Kg5 43. Rg7+ Kf6 44. Rxh7 Rxb3+ 45. Kf4 Rb5 46. Rh6+ Kg7 47. Rg6+ Kf7 48. Ra6 a4 49. h4 Rh5 50. Ke3 Rxe4+ 51. Kxe4 Rxh4+ 52. f4 a3 53. Rxa3 Rh6 54. Ra7+ Kf8 55. Kf5 Rb6 56. Kg5 Rb5+ 57. f5 Rb6 58. Rh7 Ra6 59. Rb7 Rc6 1/2-1/2

[Event "3. Open Bohumin 2020"]
[Site "Bohumin"]
[Date "2020.07.22"]
[Round "5.7"]
[White "Radecki, Adam"]
[Black "Galuszka, Tomasz"]
[Result "1/2-1/2"]
[ECO "B30"]
[WhiteElo "1895"]
[BlackElo "2255"]
[Annotator "ChessBase"]
[PlyCount "41"]
[EventDate "2020.07.18"]
[EventType "swiss"]
[EventCountry "CZE"]
[SourceTitle "playchess.com"]
[Source "ChessBase"]
[SourceQuality "1"]
[TimeControl "40/5400+30:900+30"]

1. e4 c5 2. Nf3 Nc6 3. d3 e6 4. g3 d5 5. Nbd2 Nf6 6. Bg2 Be7 7. O-O Qc7 8. c3 b6 9. Qc2 dxe4 10. dxe4 Ba6 11. Re1 Rd8 12. Bf1 Bb7 13. Nc4 e5 14. Bg5 O-O 15. Bxf6 Bxf6 16. Rad1 Ne7 17. Bg2 Bc6 18. h4 g6 19. Ne3 Bg7 20. c4 Qb7 21. Nd5 1/2-1/2

[Event "3. Open Bohumin 2020"]
[Site "Bohumin"]
[Date "2020.07.22"]
[Round "5.13"]
[White "Rodshtein, Tereza"]
[Black "Grochol, Kamil"]
[Result "*"]
[ECO "C44"]
[WhiteElo "2186"]
[BlackElo "2023"]
[Annotator "RC"]
[PlyCount "57"]
[EventDate "2020.07.18"]
[EventType "swiss"]
[EventCountry "CZE"]
[SourceTitle "playchess.com"]
[Source "ChessBase"]
[SourceQuality "1"]
[TimeControl "40/5400+30:900+30"]

1. e4 e5 2. Nf3 Nc6 3. Nc3 Nf6 4. Bb5 d6 5. d4 exd4 6. Qxd4 Bd7 7. Bxc6 Bxc6 8. Bg5 Be7 9. O-O-O O-O 10. Rhe1 h6 11. Bh4 Re8 12. e5 dxe5 13. Qc4 Nd7 14. Nxe5 Bxh4 15. Qxf7+ Kh8 16. Nxc6 bxc6 17. Rxe8+ Qxe8 18. Qxe8+ Rxe8 19. Rxd7 Bxf2 20. Rxc7 Re1+ 21. Kd2 Rg1 22. Rxc6 Rxg2 23. h3 Rh2 24. Ne2 Rxh3 25. c4 Kg8 26. c5 g5 27. Rc8+ Kf7 28. c6 Ke7 29. b4 *

[Event "3. Open Bohumin 2020"]
[Site "Bohumin"]
[Date "2020.07.22"]
[Round "5.15"]
[White "Gnojek, Petr"]
[Black "Mrazek, Roman"]
[Result "1-0"]
[ECO "D18"]
[WhiteElo "2126"]
[BlackElo "1839"]
[Annotator "ChessBase"]
[PlyCount "57"]
[EventDate "2020.07.18"]
[EventType "swiss"]
[EventCountry "CZE"]
[SourceTitle "playchess.com"]
[Source "ChessBase"]
[SourceQuality "1"]
[TimeControl "40/5400+30:900+30"]

1. d4 d5 2. c4 c6 3. Nf3 Nf6 4. Nc3 dxc4 5. a4 Bf5 6. e3 e6 7. Bxc4 Bb4 8. O-O Nbd7 9. Qe2 O-O 10. e4 Bg6 11. Bd3 Bh5 12. Bf4 Rc8 13. Rfd1 Re8 14. e5 Nd5 15. Nxd5 cxd5 16. Rac1 Rxc1 17. Rxc1 Bg6 18. Bxg6 hxg6 19. Qb5 Ba5 20. Qxb7 Bb6 21. Bd2 Nf8 22. Qc6 Re7 23. Bg5 f6 24. exf6 Rc7 25. f7+ Kxf7 26. Ne5+ Kg8 27. Bxd8 Rxc6 28. Nxc6 Bxd8 29. Nxd8 1-0

[Event "3. Open Bohumin 2020"]
[Site "Bohumin"]
[Date "2020.07.22"]
[Round "5.17"]
[White "Fialka, Adam"]
[Black "Lys, Josef"]
[Result "1-0"]
[ECO "E50"]
[WhiteElo "1850"]
[BlackElo "2121"]
[Annotator "NA"]
[PlyCount "61"]
[EventDate "2020.07.18"]
[EventType "swiss"]
[EventCountry "CZE"]
[SourceTitle "playchess.com"]
[Source "ChessBase"]
[SourceQuality "1"]
[TimeControl "40/5400+30:900+30"]

1. d4 Nf6 2. Nf3 e6 3. c4 Bb4+ 4. Nc3 O-O 5. e3 Ne4 6. Qc2 {[%emt 0:00:58] E50: Nimzo-Indian: Rubinstein: 4...0-0 5 Nf3.} Nxc3 7. bxc3 Be7 8. Bd3 h6 9. O-O b6 10. e4 {[%emt 0:05:38] [#]} Nc6 $146 ({Predecessor:} 10... Ba6 11. Bf4 d6 12. Qe2 Nd7 13. a4 c5 14. Ra2 Bb7 15. Rfa1 a5 16. Rb1 Rb8 {½-½ (47) Schweighofer,J (1816)-Leitl,S (1553) Innsbruck 2019}) 11. Be3 Na5 12. Nd2 Ba6 13. e5 d5 14. cxd5 Bxd3 15. Qxd3 exd5 16. f4 f5 $1 17. g4 Qd7 18. Kh1 Rac8 19. Rg1 fxg4 20. Qg6 Qf5 21. Rxg4 Qxg6 22. Rxg6 Rf5 23. Rag1 $1 Bf8 24. Rxh6 c5 {[%emt 0:00:33] [#]} 25. Nf3 $1 Nc6 $2 (25... Be7 {was called for.} 26. Rhg6 Bf8) 26. Nh4 Rf7 27. f5 cxd4 28. cxd4 Nd8 29. e6 Rb7 30. Rh5 g5 31. Bxg5 $18 1-0

[Event "3. Open Bohumin 2020"]
[Site "Bohumin"]
[Date "2020.07.22"]
[Round "5.19"]
[White "Cempel, Jaroslav"]
[Black "Dziendziel, Mateusz"]
[Result "0-1"]
[ECO "B44"]
[WhiteElo "2045"]
[BlackElo "1768"]
[Annotator "NA"]
[PlyCount "58"]
[EventDate "2020.07.18"]
[EventType "swiss"]
[EventCountry "CZE"]
[SourceTitle "playchess.com"]
[Source "ChessBase"]
[SourceQuality "1"]
[TimeControl "40/5400+30:900+30"]

1. e4 c5 2. Nf3 e6 3. d4 cxd4 4. Nxd4 Nc6 5. Be3 Qc7 6. c3 {[%emt 0:00:25] B44: Sicilian: Taimanov: 5 Nb5.} Nf6 7. Nd2 d5 8. Bd3 Ne5 9. Bb5+ Bd7 10. Bxd7+ Qxd7 11. exd5 Nxd5 12. Qe2 {[%emt 0:05:41] [#]} Nxe3 $146 ({Predecessor:} 12... Be7 13. O-O Ng6 14. N2f3 e5 15. Nb3 Nxe3 16. Qxe3 Qc7 17. Rfe1 f6 18. Re2 O-O {0-1 (80) Kruppa,V (1865)-Kovylin,K (2086) Berdsk 2011}) 13. Qxe3 Nc6 14. N2b3 Be7 15. O-O-O O-O 16. Nf5 Qc7 17. Nxe7+ Nxe7 18. Qc5 Qf4+ 19. Kb1 Nd5 20. Rd4 (20. Qd4 $11 {remains equal.}) 20... Qf5+ 21. Ka1 Rfc8 22. Qd6 Qxf2 23. Rd2 Qe3 24. Rhd1 h6 25. Rd3 Qe4 26. Nc5 Qg6 27. Rg3 $2 {[%emt 0:01:02] [#]} (27. Nxb7 $17 {keeps fighting.} Rab8 28. Na5) 27... Qc2 $19 (27... Qh5 $142 $1 28. Rxd5 exd5) 28. Rgd3 Rc6 29. Rxd5 exd5 0-1

[Event "3. Open Bohumin 2020"]
[Site "Bohumin"]
[Date "2020.07.23"]
[Round "6.6"]
[White "Mrazek, Lumir"]
[Black "Kubos, Rostislav"]
[Result "1/2-1/2"]
[ECO "A03"]
[WhiteElo "2327"]
[BlackElo "2134"]
[Annotator "ChessBase"]
[PlyCount "22"]
[EventDate "2020.07.18"]
[EventType "swiss"]
[EventCountry "CZE"]
[SourceTitle "playchess.com"]
[Source "ChessBase"]
[SourceQuality "1"]
[TimeControl "40/5400+30:900+30"]

1. f4 d5 2. Nf3 g6 3. g3 Bg7 4. Bg2 Nf6 5. O-O O-O 6. d3 b6 7. c4 c6 8. cxd5 Nxd5 9. e4 Nb4 10. Ne1 Ba6 11. Rf3 Qd4+ 1/2-1/2

[Event "3. Open Bohumin 2020"]
[Site "Bohumin"]
[Date "2020.07.23"]
[Round "6.11"]
[White "Sramek, Vojtech"]
[Black "Panek, Bartosz"]
[Result "1-0"]
[ECO "C41"]
[WhiteElo "2178"]
[BlackElo "1988"]
[Annotator "ChessBase"]
[PlyCount "65"]
[EventDate "2020.07.18"]
[EventType "swiss"]
[EventCountry "CZE"]
[SourceTitle "playchess.com"]
[Source "ChessBase"]
[SourceQuality "1"]
[TimeControl "40/5400+30:900+30"]

1. e4 d6 2. d4 Nf6 3. Nc3 e5 4. Nf3 Nbd7 5. Bc4 exd4 6. Nxd4 Nb6 7. Bd3 Be7 8. O-O O-O 9. f4 Re8 10. Nf3 c6 11. h3 Qc7 12. Qe1 Nbd7 13. Be3 Nf8 14. Qf2 Ng6 15. a4 Qa5 16. Rae1 Nd7 17. Ne2 Qc7 18. Ng3 b6 19. Bc4 Bb7 20. e5 d5 21. Bd3 Bc5 22. Nh5 Bxe3 23. Rxe3 c5 24. c3 d4 25. cxd4 cxd4 26. Nxd4 Ndxe5 27. fxe5 Rxe5 28. Bxg6 hxg6 29. Rxe5 Qxe5 30. Qxf7+ Kh8 31. Qxb7 Qxd4+ 32. Kh1 Rd8 33. Nf4 1-0

[Event "3. Open Bohumin 2020"]
[Site "Bohumin"]
[Date "2020.07.23"]
[Round "6.13"]
[White "Pilch, Roman"]
[Black "Fialka, Adam"]
[Result "1-0"]
[ECO "D45"]
[WhiteElo "2168"]
[BlackElo "1842"]
[Annotator "ChessBase"]
[PlyCount "71"]
[EventDate "2020.07.18"]
[EventType "swiss"]
[EventCountry "CZE"]
[SourceTitle "playchess.com"]
[Source "ChessBase"]
[SourceQuality "1"]
[TimeControl "40/5400+30:900+30"]

1. Nf3 d5 2. c4 e6 3. d4 Nf6 4. Nc3 c6 5. e3 Bd6 6. Bd3 O-O 7. e4 dxe4 8. Nxe4 Nxe4 9. Bxe4 Bb4+ 10. Bd2 Qa5 11. O-O Bxd2 12. Nxd2 Nd7 13. Qc2 Nf6 14. c5 Qb4 15. Qc3 Qxc3 16. bxc3 e5 17. dxe5 Nd7 18. f4 Nxc5 19. Bc2 b6 20. Ne4 Nxe4 21. Bxe4 Bb7 22. Rfd1 Rfd8 23. Kf2 Kf8 24. Ke3 Ke7 25. Rd4 Rxd4 26. cxd4 f6 27. Rc1 fxe5 28. fxe5 Ke6 29. g4 Rd8 30. Bxh7 Rh8 31. Bf5+ Kd5 32. Be4+ Ke6 33. Rc2 g5 34. Bxc6 Ba6 35. Ke4 Rh3 36. d5+ 1-0